 Dungeon Crawl Stone Soup version 0.25.0-26-g0c896c7088 (webtiles) character file.

Game seed: 945016348775321756

1488 Descartes the Gouger (level 8, -44/38 HPs)
             Began as a Felid Transmuter on July 1, 2020.
             Was a Follower of Sif Muna.
             Annihilated by a very large slime creature (52 damage)
             ... on level 8 of the Dungeon.
             The game lasted 00:34:49 (14652 turns).

Descartes the Gouger (Felid Transmuter)            Turns: 14652, Time: 00:34:50

Health: -44/38     AC:  2    Str:  9    XL:     8   Next: 51%
Magic:  10/12      EV: 23    Int: 14    God:    Sif Muna [*.....]
Gold:   223        SH:  5    Dex: 17    Spells: 5/11 levels left
                                        Lives:  0   Deaths: 2

rFire    + . .     SeeInvis +     - Unarmed
rCold    . . .     Gourm    .   (shield unavailable)
rNeg     . . .     Faith    .   (armour unavailable)
rPois    .         Spirit   .   (helmet unavailable)
rElec    .         Reflect  +   (cloak unavailable)
rCorr    .         Harm     .   (gloves unavailable)
MR       +....                  (boots unavailable)
Stlth    ++++......             i - amulet of reflection
HPRegen  0.12/turn              h - ring of protection from fire
MPRegen  0.13/turn              (no ring)

@: appendage (expiring), very slightly contaminated, quick
A: very small, no armour, no weapons or thrown items, stealth, claws 1, fangs 3,
horns 2, see invisible, carnivore, speed 1, shaggy fur 2, slow metabolism 1,
sharp paws
a: End Transformation, Channel Magic, Renounce Religion


You were on level 8 of the Dungeon.
You worshipped Sif Muna.
Sif Muna was aware of your devotion.
You were not hungry.
You had grown temporary horns.
You visited 2 branches of the dungeon, and saw 9 of its levels.

You collected 223 gold pieces.

Inventory:

Missiles
 a - 137 arrows
 e - 284 stones
Jewellery
 h - a ring of protection from fire (left paw)
 i - an amulet of reflection (around neck)
 n - an uncursed ring of wizardry {unknown}
 p - an uncursed ring of protection from cold {unknown}
 w - a cursed -4 ring of protection {unknown}
 z - an uncursed ring of fire {unknown}
Wands
 r - a wand of disintegration (13)
 v - a wand of iceblast (18)
 B - a wand of clouds (4)
Scrolls
 g - 5 scrolls of enchant armour {unknown}
 k - 2 scrolls of fear {unknown}
 l - 3 scrolls of fog {unknown}
 m - 4 scrolls of teleportation {unknown}
 o - 9 scrolls of identify {unknown}
 q - 4 scrolls of remove curse {unknown}
 s - 2 scrolls of immolation {unknown}
 x - a scroll of vulnerability {unknown}
 y - a scroll of amnesia {unknown}
 A - a scroll of random uselessness {unknown}
 C - a scroll of noise {unknown}
Potions
 b - 6 potions of haste
 d - a potion of invisibility {unknown}
 f - a potion of heal wounds
 j - a potion of curing {unknown}
 t - a potion of mutation {unknown}
 u - a potion of might {unknown}
Comestibles
 c - 20 rations


   Skills:
 + Level 6.2 Fighting
 - Level 8.0 Dodging
 - Level 8.0 Stealth
 + Level 9.3 Unarmed Combat
 - Level 2.0 Spellcasting
 - Level 4.0 Hexes
 - Level 4.0 Transmutations


You had 5 spell levels left.
You knew the following spells:

 Your Spells              Type           Power        Failure   Level  Hunger
a - Beastly Appendage     Tmut           ##....       4%          1    ##.....
b - Confusing Touch       Hex            ##......     14%         3    ####...
c - Sticks to Snakes      Tmut           ##......     7%          2    ###....

Your spell library contained the following spells:

 Spells                   Type           Power        Failure   Level  Hunger
 Spider Form              Tmut/Pois      #.........   30%         3    ####...
 Gell's Gravitas          Tloc           #.........   56%         3    ####...
 Ice Form                 Ice/Tmut       #.......     71%         4    #####..
 Petrify                  Tmut/Erth      #.......     71%         4    #####..
 Blade Hands              Tmut           ##........   77%         5    ######.
 Yara's Violent Unravell  Hex/Tmut       ##........   77%         5    ######.
 Metabolic Englaciation   Hex/Ice        #.........   96%         5    ######.


Dungeon Overview and Level Annotations

Branches:
Dungeon (8/15)             Temple (1/1) D:5            Lair (0/6) D:8

Altars:
Ashenzari
Cheibriados
Dithmenos
Elyvilon
Fedhas
Gozag
Hepliaklqana
Kikubaaqudgha
Makhleb
Okawaru
Qazlal
Ru
Sif Muna
Trog
Uskayaw
Vehumet
Wu Jian
Xom
Yredelemnul
Zin
The Shining One

Shops:
D:6 [

Annotations:
D:5 Dowan, Duvessa
D:8 Harold


Innate Abilities, Weirdness & Mutations

You cannot wear armour.
You are incapable of wielding weapons or throwing items.
Your paws allow you to move quietly. (Stealth)
You have sharp claws.
You have razor-sharp teeth.
You have supernaturally acute eyesight. (SInv)
You are carnivorous and can eat meat at any time.
You cover ground quickly.
You are covered in thick fur. (AC +2)
You have a slow metabolism.
Your sharp claws are effective at attacking unaware monsters.
You have a pair of horns on your head.


Message History

Your bite misses the very large slime creature.
The very large slime creature is moderately wounded.
You claw the very large slime creature!
You bite the very large slime creature, but do no damage.
The very large slime creature is moderately wounded.
You block the very large slime creature's attack.
You claw the very large slime creature!
You headbutt the very large slime creature.
The very large slime creature is heavily wounded.
The very large slime creature closely misses you.
You scratch the very large slime creature but do no damage.
Your headbutt misses the very large slime creature.
The very large slime creature is heavily wounded.
The very large slime creature hits you!!
Ouch! That really hurt!
* * * LOW HITPOINT WARNING * * *
Your transformation is almost over.
The very large slime creature hits you!!!
Ouch! That really hurt!
You die...

#.# #.##.# ###### #.#
#.##.# #.# #.##.# #.#
#.##.# #.# #.##.# #.#
#.##.# #.#####.##.#
#.......##.#
##########@####
#.J..# ####.#
###################.#
...............J....#
#####################


You could see a very large slime creature.

Vanquished Creatures
  Maggie (D:8)
  A hippogriff (D:7)
  A slime creature (D:7)
  A hungry ghost (D:3)
  Menkaure (D:5)
  2 sky beasts (D:7)
  An orc warrior (D:6)
  4 ice beasts
  A phantom (D:6)
  A black bear (D:6)
  2 ogres
  3 centaurs
  2 scorpions
  5 wights
  5 howler monkeys
  5 crimson imps
  A centaur zombie (D:6)
  An orc priest (D:6)
  Crazy Yiuf (D:4)
  4 hounds
  2 orc wizards (D:5)
  A centaur skeleton (D:8)
  Terence (D:5)
  An iguana (D:6)
  5 worker ants
  Ijyb (D:4)
  A hound zombie (D:8)
  4 gnolls (D:4)
  6 adders
  3 oozes
  3 worms
  A dart slug (D:1)
  9 leopard geckos
  29 orcs
  4 bats
  A giant cockroach (D:2)
  5 goblins
  5 hobgoblins
  4 quokkas
  2 ball pythons
  8 frilled lizards
  4 kobolds
  A leopard gecko skeleton (D:4)
  A leopard gecko zombie (D:8)
  5 rats
150 creatures vanquished.

Vanquished Creatures (collateral kills)
  Blork the orc (D:4)
1 creature vanquished.

Grand Total: 151 creatures vanquished

Notes
Turn   | Place    | Note
-------+----------+-------------------------------------------
     0 | D:1      | Descartes the Felid Transmuter began the quest for the Orb.
     0 | D:1      | Reached XP level 1. HP: 9/9 MP: 4/4
   356 | D:1      | Reached XP level 2. HP: 12/12 MP: 6/6
  1162 | D:2      | Reached skill level 4 in Unarmed Combat
  1735 | D:2      | Found a bloodstained altar of Trog.
  1914 | D:2      | Reached XP level 3. HP: 7/15 MP: 5/7
  2219 | D:3      | Reached skill level 1 in Stealth
  2221 | D:3      | Noticed a hungry ghost
  2264 | D:3      | Killed a hungry ghost
  2264 | D:3      | Reached skill level 5 in Unarmed Combat
  2264 | D:3      | Reached XP level 4. HP: 4/19 MP: 6/8
  2264 | D:3      | Reached XP level 5. HP: 5/22 MP: 6/9
  2644 | D:3      | Noticed Terence
  2734 | D:3      | Learned a level 3 spell: Confusing Touch
  2737 | D:3      | Learned a level 2 spell: Sticks to Snakes
  3160 | D:4      | Noticed an ogre
  3165 | D:4      | Killed an ogre
  3165 | D:4      | Reached skill level 6 in Unarmed Combat
  3165 | D:4      | Reached skill level 1 in Hexes
  3165 | D:4      | Gained mutation: You are covered in thick fur. (AC +2)
                  | [Felid growth]
  3165 | D:4      | Reached XP level 6. HP: 25/25 MP: 8/10
  3185 | D:4      | Noticed Ijyb
  3201 | D:4      | Killed Ijyb
  3260 | D:4      | Found a radiant altar of Vehumet.
  3612 | D:4      | Noticed Blork the orc
  3641 | D:4      | Killed Blork the orc
  4025 | D:4      | Found an ornate altar of the Wu Jian Council.
  4392 | D:4      | Found a glowing golden altar of the Shining One.
  4554 | D:4      | Found a runed translucent door.
  4555 | D:4      | Noticed Crazy Yiuf
  4563 | D:4      | HP: 1/25 [Crazy Yiuf/+3 quarterstaff of chaos (1)]
  4606 | D:4      | Killed Crazy Yiuf
  5114 | D:4      | Reached XP level 7. HP: 16/28 MP: 11/11
  5298 | D:5      | Entered Level 5 of the Dungeon
  5365 | D:5      | Found a shimmering altar of Xom.
  5439 | D:5      | Found a staircase to the Ecumenical Temple.
  5454 | Temple   | Entered the Ecumenical Temple
  5564 | Temple   | Became a worshipper of Sif Muna the Loreminder
  5583 | D:5      | Noticed Menkaure
  5593 | D:5      | Killed Menkaure
  5825 | D:5      | Reached skill level 5 in Stealth
  6118 | D:5      | Noticed Duvessa
  6127 | D:5      | Noticed Dowan
  6180 | D:5      | Killed Terence
  6180 | D:5      | Reached skill level 7 in Unarmed Combat
  6180 | D:5      | Reached XP level 8. HP: 9/34 MP: 5/12
  6431 | D:5      | Found a burning altar of Makhleb.
  7038 | D:6      | Found a basalt altar of Yredelemnul.
  7117 | D:6      | Reached skill level 5 in Dodging
  7295 | D:6      | Reached * piety under Sif Muna
  7345 | D:6      | Shot with an arrow by a centaur
  7346 | D:6      | Reached XP level 7. HP: 0/30 MP: 11/11
  8912 | D:6      | Reached XP level 8. HP: 11/36 MP: 8/12
  9200 | D:6      | Found Uplamep's Antique Armour Shop.
  9465 | D:7      | Found a white marble altar of Elyvilon.
  9467 | D:7      | Found a shadowy altar of Dithmenos.
  9522 | D:7      | Found a sacrificial altar of Ru.
  9726 | D:7      | Reached skill level 8 in Unarmed Combat
 10219 | D:7      | Noticed a hippogriff
 10222 | D:7      | Killed a hippogriff
 11041 | D:6      | Reached XP level 9. HP: 27/40 MP: 10/13
 11241 | D:6      | Reached skill level 5 in Fighting
 11601 | D:7      | Found a blossoming altar of Fedhas.
 12769 | D:8      | Noticed Maggie
 12792 | D:8      | Killed Maggie
 12976 | D:8      | Reached skill level 9 in Unarmed Combat
 13107 | D:8      | Found a stormy altar of Qazlal.
 13485 | D:8      | Noticed a death yak
 13487 | D:8      | Found a staircase to the Lair.
 13487 | D:8      | Noticed a death yak
 13490 | D:8      | Noticed a death yak
 13531 | D:8      | Noticed Harold
 14329 | D:8      | Noticed a death yak
 14552 | D:7      | Slain by a death yak
 14553 | D:7      | Reached XP level 8. HP: -5/38 MP: 9/12
 14652 | D:8      | Annihilated by a very large slime creature

Illustrated notes

Levels and vault maps discovered:
D:1:      matt_arrival_los_fun, layout_rooms
D:2:      layout_basic, nicolae_overflow_hidden_temple, first_ration,
          minmay_misc_feat_x
D:3:      layout_rooms, uniq_terence
D:4:      minmay_spotlight, layout_loops_ring, kennysheep_little_box,
          lemuel_doored_altar, marbit_many_paths, kennysheep_decorative_pillar,
          uniq_crazy_yiuf_cottage, uniq_blork_the_orc, uniq_ijyb
D:5:      minmay_angry_zag, layout_loops_ring, makhleb_heckhound_becter,
          lemuel_round_altar, minmay_temple_entry_offerings,
          minmay_strange_pillars, minmay_misc_feat_rugged, uniq_duvessa,
          uniq_menkaure
D:6:      layout_basic, yredelemnul_altar_generic, serial_shops, shop
D:7:      layout_basic, lemuel_coloured_pillars_altar,
          chequers_temple_overflow_statue_of_worship, overflow_temple_1_default
D:8:      layout_basic, lemuel_round_altar, dpeg_lair_monsters, uniq_maggie,
          uniq_harold
Temple:   nicolae_temple_figure_zero

Skill      XL: |  1  2  3  4  5  6  7  8  9 |
---------------+----------------------------+-----
Unarmed Combat | 4 5 6 7 8 9 |  9.3
Stealth        | 3 4 6 8 |  8.0
Hexes          | 1 2 4 |  4.0
Dodging        | 3 4 7 8 |  8.0
Transmutations | 3 4 |  4.0
Fighting       | 3 4 6 |  6.2
Spellcasting   | |  2.0

Action                   |  1- 3 |  4- 6 |  7- 9 || total
-------------------------+-------+-------+-------++-------
Melee: Unarmed           |    86 |   137 |   422 ||   645
       Bite              |     3 |    10 |    40 ||    53
       Headbutt          |     3 |    20 |    68 ||    91
       Punch             |     1 |     6 |    16 ||    23
 Cast: Beastly Appendage |     3 |    22 |    82 ||   107
       Sticks to Snakes  |       |    12 |     5 ||    17
       Confusing Touch   |       |       |    19 ||    19
Evoke: Wand              |       |     1 |       ||     1
 Stab: Sleeping          |     4 |     6 |    10 ||    20
       Confused          |       |       |    15 ||    15
  Eat: Chunk             |    10 |    15 |    25 ||    50
Armor: Skin              |     5 |     2 |    17 ||    24
Dodge: Dodged            |    46 |    64 |   237 ||   347
Block: Other             |    15 |    19 |    72 ||   106
       Reflection        |     1 |       |     2 ||     3
